[Event "ICC Open 2015"]
[Site "Internet Chess Club"]
[Date "2015.05.29"]
[Round "4"]
[White "SCORPION83"]
[Black "playwaycool"]
[Result "0-1"]
[ICCResult "White forfeits on time"]
[WhiteElo "3092"]
[BlackElo "2297"]
[Opening "QGD Slav: exchange variation"]
[ECO "D13"]
[NIC "SL.02"]
[Time "19:48:18"]
[TimeControl "180+0"]

1. d4 d5 2. c4 c6 3. cxd5 cxd5 4. Nf3 Nf6 5. Nc3 a6 6. Bf4 e6 7. e3 Nc6 8.
Bd3 Bd6 9. Bg3 h6 10. O-O Bxg3 11. hxg3 O-O 12. Ne5 Nxe5 13. dxe5 Nd7 14. f4
f6 15. exf6 Qxf6 16. e4 Nb6 17. e5 Qe7 18. Bc2 g5 19. Qd3 Bd7 20. Qd4 Nc4
21. b3 Na3 22. Bd3 Rac8 23. Rac1 Qc5 24. Ne2 Qxd4+ 25. Nxd4 Nb5 26. Bxb5
axb5 27. Rxc8 Rxc8 28. Kf2 gxf4 29. gxf4 Rc3 30. g4 Rd3 31. Nf3 Rc3 32. Rd1
Rc2+ 33. Rd2 Rc1 34. Nd4 Rh1 35. Rc2 Rh2+ 36. Kg3 Rxc2 37. Nxc2 Kf7 38. Nd4
Kg6 39. Kh4 b6 40. b4 Kg7 41. f5 exf5 42. gxf5 Be8 43. Kg4 Kh7 44. Kf4 Kg7
45. Ne6+ Kf7 46. Nd4 Kg7 47. Ne6+ Kf7 48. Nc7 Bc6 49. e6+ Kf6 50. Na6 d4 51.
Nb8 Be8 52. Ke4 h5 53. Kxd4 Kxf5 54. Kd5 h4 55. Kd6 h3 56. Nd7 h2 57. Nxb6
h1=Q 58. Nd5 Qd1 59. Kc5 Kxe6 60. Nc7+ Ke7 61. Nxe8 Kxe8
{White forfeits on time}
0-1

[Event "ICC Open 2015"]
[Site "Internet Chess Club"]
[Date "2015.05.29"]
[Round "4"]
[White "Red-white"]
[Black "aplusk"]
[Result "0-1"]
[ICCResult "White resigns"]
[WhiteElo "3166"]
[BlackElo "2847"]
[Opening "Old Benoni defense"]
[ECO "A46"]
[NIC "QP.06"]
[Time "19:48:35"]
[TimeControl "180+0"]

1. d4 Nf6 2. Nf3 c5 3. d5 b5 4. Bg5 Qb6 5. Bxf6 Qxf6 6. c3 d6 7. e4 a6 8. a4
b4 9. Bd3 Bg4 10. O-O Bxf3 11. Qxf3 Qxf3 12. gxf3 Nd7 13. a5 g6 14. Nd2 Bg7
15. Rfc1 O-O 16. Kg2 Bh6 17. Rd1 Rfb8 18. Nc4 Bg7 19. Rdc1 Ne5 20. Be2 Nxc4
21. Bxc4 Be5 22. h3 g5 23. Ra4 bxc3 24. bxc3 Rb2 25. Ra2 Rxa2 26. Bxa2 Rb8
27. Bc4 Rb2 28. h4 h6 29. hxg5 hxg5 30. Bxa6 Ra2 31. Bc4 Rxa5 32. Rc2 Ra3
33. Kh3 Bxc3 34. Kg4 Bf6 35. f4 gxf4 36. Kxf4 Bd4 37. Kg4 Kg7 38. f4 Kf6 39.
Rh2 Rc3 40. Bb5 Kg7 41. Kf5 Rg3 42. Rh1 Rg6 43. Bd7 e6+ 44. dxe6 fxe6+ 45.
Bxe6 Rf6+ 46. Kg4 Rxe6 47. Kf3 Rg6 48. Rh5 Rf6 49. Rg5+ Kf7 50. Rh5 Be5 51.
f5 c4 52. Rh7+ Ke8 53. Rc7 c3 54. Ke2 Rh6 55. Kd3 Rh3+ 56. Kc2 Rh2+ 57. Kd3
Rd2+ 58. Ke3 Bd4+ 59. Kf4 Bc5 60. f6 Rf2+ 61. Kg5 c2 62. Kg6 Rxf6+ 63. Kxf6
c1=Q 64. Ke6 Kd8 {White resigns} 0-1

[Event "ICC Open 2015"]
[Site "Internet Chess Club"]
[Date "2015.05.29"]
[Round "4"]
[White "EpicEffects"]
[Black "waynehatcher"]
[Result "1-0"]
[ICCResult "Black resigns"]
[WhiteElo "2302"]
[BlackElo "1740"]
[Opening "French: Rubinstein variation"]
[ECO "C03"]
[NIC "FR.07"]
[Time "19:48:30"]
[TimeControl "180+0"]

1. e4 e6 2. d4 d5 3. Nd2 dxe4 4. Nxe4 Nd7 5. Nf3 Ngf6 6. Bd3 Be7 7. Qe2 b6
8. Bg5 Bb7 9. O-O-O Nxe4 10. Bxe7 Qxe7 11. Bxe4 Bxe4 12. Qxe4 O-O 13. h4 Nf6
14. Qd3 c5 15. g4 cxd4 16. g5 Nh5 17. Rhe1 Rad8 18. Ne5 Qc7 19. Qf3 g6 20.
Kb1 Rd5 21. Ng4 Rf5 22. Nh6+ Kg7 23. Nxf5+ exf5 24. Rxd4 Rd8 25. Rxd8 Qxd8
26. Qc3+ Kg8 27. a3 Nf4 28. Qf3 Ne6 29. Rd1 Qc7 30. Qd5 Kg7 31. Qd6 Qc5 32.
Qxc5 Nxc5 33. f3 Kf8 34. b4 Ne6 35. Rd7 a6 36. Rb7 b5 37. Ra7 Nd4 38. Rxa6
Nxf3 39. Rb6 Nxh4 40. Rxb5 Nf3 41. a4 Nd4 42. Rb7 Nc6 43. a5 Nxa5 44. bxa5
Kg7 45. a6 h6 46. a7 h5 47. a8=Q h4 48. Qa1+ Kh7 49. Rb8 {Black resigns} 1-0

[Event "ICC Open 2015"]
[Site "Internet Chess Club"]
[Date "2015.05.29"]
[Round "4"]
[White "dondoctor"]
[Black "nephilimflyer"]
[Result "1-0"]
[ICCResult "Black forfeits on time"]
[WhiteElo "2011"]
[BlackElo "1607"]
[Opening "Robatsch defense: Geller's system"]
[ECO "A40"]
[NIC "QO.17"]
[Time "19:48:54"]
[TimeControl "180+0"]

1. d4 g6 2. Nf3 Bg7 3. e4 d6 4. c3 c6 5. Bd3 Nd7 6. O-O Ngf6 7. Re1 O-O 8.
Bg5 Qb6 9. Qc2 e5 10. Nbd2 exd4 11. cxd4 c5 12. Nc4 Qc7 13. Bf4 Ne8 14. a4
cxd4 15. b4 b6 16. Rac1 Bb7 17. Qb3 Qb8 18. Bg3 Ne5 19. Nfd2 Nxd3 20. Qxd3
Qd8 21. Na3 a6 22. Nc2 Qf6 23. Nb3 Qd8 24. Ncxd4 Rc8 25. b5 a5 26. Nc6 Qd7
27. Nbd4 Nf6 28. f3 Nh5 29. Qb3 Nxg3 30. hxg3 Bh6 31. Rcd1 Bxc6 32. Nxc6 Bg7
33. Qd5 Bc3 34. e5 Bxe1 35. Rxe1 Rfe8 36. f4 {Black forfeits on time} 1-0

[Event "ICC Open 2015"]
[Site "Internet Chess Club"]
[Date "2015.05.29"]
[Round "4"]
[White "Ira57"]
[Black "blackending"]
[Result "0-1"]
[ICCResult "White forfeits on time"]
[WhiteElo "1898"]
[BlackElo "1659"]
[Opening "King's Indian: East Indian defense"]
[ECO "A48"]
[NIC "QP.06"]
[Time "19:48:24"]
[TimeControl "180+0"]

1. d4 Nf6 2. Nf3 g6 3. e3 Bg7 4. b3 O-O 5. Bb2 d6 6. Nbd2 Nbd7 7. Be2 Re8 8.
O-O e5 9. dxe5 Nxe5 10. Nxe5 dxe5 11. Nc4 Bf5 12. Rc1 e4 13. a4 c6 14. a5
Nd5 15. Bxg7 Kxg7 16. Qd4+ Qf6 17. Rfd1 Qxd4 18. Rxd4 Rad8 19. Bf1 c5 20.
Rd2 Nc3 21. Nd6 Rf8 22. Nxf5+ gxf5 23. Rxd8 Rxd8 24. Bc4 Rd2 25. Kf1 Kf6 26.
Ke1 Rd6 27. Ra1 a6 28. Be2 Ke5 29. g3 f6 30. h4 h6 31. Rc1 Nd5 32. Bc4 Nb4
33. Ke2 Nc6 34. Rd1 Nxa5 35. Rxd6 Kxd6 36. Bf7 b5 37. Bg6 Ke5 38. Kd2 Nc6
39. Be8 Ne7 40. Bd7 Nd5 41. Bc8 a5 42. Ba6 b4 43. Bc4 Nc3 44. Bg8 Nb5 45.
Bh7 Nd6 46. Bg8 Ne8 47. Bc4 Ng7 48. Bb5 Nh5 49. Be8 Ng7 50. Bf7 Ne6 51. Bg8
Nc7 52. Bf7 Nb5 53. Bg8 Nc3 54. Bf7 Na2 55. Bg8 Nc3 56. Bf7 a4 57. bxa4 Nxa4
{White forfeits on time}
0-1

[Event "ICC Open 2015"]
[Site "Internet Chess Club"]
[Date "2015.05.29"]
[Round "4"]
[White "DropZone"]
[Black "kurumania"]
[Result "0-1"]
[ICCResult "White forfeits on time"]
[WhiteElo "2102"]
[BlackElo "2771"]
[Opening "Queen's Pawn"]
[ECO "A41"]
[NIC "QO.17"]
[Time "19:49:01"]
[TimeControl "180+0"]

1. d4 d6 2. Nf3 Nf6 3. h3 Nc6 4. Bf4 g6 5. e3 Bg7 6. c4 O-O 7. Nc3 Nd7 8.
Be2 e5 9. Bh2 f5 10. Rc1 Bh6 11. dxe5 Ndxe5 12. Qd5+ Nf7 13. O-O Qe8 14. Nd4
Ne5 15. Ndb5 c6 16. Nxd6 cxd5 17. Nxe8 Rxe8 18. Nxd5 Rd8 19. Rfd1 Kf8 20.
Nc7 Rxd1+ 21. Rxd1 Rb8 22. Nb5 a6 23. Nd6 Bg7 24. Nxf7 Kxf7 25. Rd8 Nc6 26.
Rd2 Ra8 27. Bf3 Be6 28. b3 Rd8 29. Rxd8 Nxd8 30. Bc7 Nc6 31. h4 Ke7 32. g3
Kd7 33. Bb6 Kc8 34. Kg2 Nb4 35. a4 Nc2 36. Bc5 Ne1+ 37. Kf1 Nxf3 38. Ke2 Ne5
39. f4 Nd7 40. Bd4 Bf8 41. Be5 Nxe5 42. fxe5 a5 43. e4 fxe4
{White forfeits on time}
0-1

[Event "ICC Open 2015"]
[Site "Internet Chess Club"]
[Date "2015.05.29"]
[Round "4"]
[White "Irenaeus"]
[Black "LMLLM"]
[Result "0-1"]
[ICCResult "White resigns"]
[WhiteElo "1813"]
[BlackElo "2436"]
[Opening "Robatsch defense"]
[ECO "B06"]
[NIC "KF.05"]
[Time "19:49:43"]
[TimeControl "180+0"]

1. e4 g6 2. d4 Bg7 3. Nc3 c6 4. Be3 d6 5. f3 Nd7 6. Qd2 Qb6 7. O-O-O h5 8.
f4 Ngf6 9. h3 a5 10. Nf3 a4 11. e5 Nd5 12. Nxd5 cxd5 13. f5 a3 14. b3 gxf5
15. e6 fxe6 16. Ng5 Nf6 17. Bd3 Bd7 18. Rhe1 Ne4 19. Bxe4 dxe4 20. d5 Qa5
21. Qxa5 Rxa5 22. dxe6 Bc8 23. Nf7 Rg8 24. Ng5 Bc3 25. Rf1 f4 26. Bxf4 Raxg5
27. Bxg5 Rxg5 28. Rf4 d5 29. g4 Bxe6 30. gxh5 Rxh5 31. h4 Be5 {White
resigns} 0-1

[Event "ICC Open 2015"]
[Site "Internet Chess Club"]
[Date "2015.05.29"]
[Round "4"]
[White "nurmi"]
[Black "LordKinbote"]
[Result "1-0"]
[ICCResult "Black forfeits on time"]
[WhiteElo "2226"]
[BlackElo "1418"]
[Opening "English: symmetrical, main line with d4"]
[ECO "E65"]
[NIC "EO.27"]
[Time "19:48:36"]
[TimeControl "180+0"]

1. c4 c5 2. g3 g6 3. Bg2 Bg7 4. Nf3 Nf6 5. O-O O-O 6. Nc3 Nc6 7. d4 d6 8.
Re1 a6 9. d5 Na7 10. a4 Rb8 11. a5 b5 12. axb6 Qxb6 13. h3 Bb7 14. e4 Nd7
15. Qc2 e6 16. Bg5 h6 17. Bf4 g5 18. Bd2 e5 19. Reb1 Qd8 20. b4 cxb4 21.
Rxb4 Nc5 22. Be3 a5 23. Rbb1 Qc7 24. Na4 f5 25. Bxc5 dxc5 26. Nd2 fxe4 27.
Nxe4 Qf7 28. Naxc5 Nc8 29. Ne6 Re8 30. Rb5 Nd6 31. Nxd6 {Black forfeits on
time} 1-0

[Event "ICC Open 2015"]
[Site "Internet Chess Club"]
[Date "2015.05.29"]
[Round "4"]
[White "Gan-Od"]
[Black "want2win"]
[Result "0-1"]
[ICCResult "White checkmated"]
[WhiteElo "2158"]
[BlackElo "2365"]
[Opening "English opening"]
[ECO "A15"]
[NIC "EO.64"]
[Time "19:48:34"]
[TimeControl "180+0"]

1. c4 Nf6 2. Nf3 g6 3. g3 Bg7 4. Bg2 O-O 5. O-O d5 6. Nc3 d4 7. Nb5 c5 8. d3
a6 9. Na3 Nc6 10. Nc2 e5 11. Rb1 a5 12. a3 a4 13. Bg5 h6 14. Bxf6 Bxf6 15.
Nd2 Be7 16. b4 axb3 17. Rxb3 Qc7 18. Qb1 Ra6 19. Qb2 b6 20. Rb1 Bd8 21. Rb5
Bd7 22. Nb3 Ne7 23. Nd2 Bxb5 24. cxb5 Ra7 25. Nc4 Nd5 26. Bxd5 Kg7 27. e3
Qd7 28. Bc6 Qf5 29. exd4 exd4 30. Rd1 Re7 31. Nd6 Qg4 32. Qc1 Bc7 33. Ne4 f5
34. Nd2 Rf6 35. Bf3 Qg5 36. Nc4 f4 37. g4 h5 38. h3 Rfe6 39. Nd2 Qh4 40. Kg2
Re2 41. Rf1 Qg3+ 42. Kh1 Qxh3+ 43. Kg1 hxg4 44. Bg2 Qh5 45. Ne4 f3 46. Ng3
Bxg3 47. Re1 Qh2+ 48. Kf1 Qxg2# {White checkmated} 0-1

[Event "ICC Open 2015"]
[Site "Internet Chess Club"]
[Date "2015.05.29"]
[Round "4"]
[White "BonifaceVIII"]
[Black "Federicov"]
[Result "0-1"]
[ICCResult "White resigns"]
[WhiteElo "2401"]
[BlackElo "3110"]
[Opening "Bogo-Indian defense, Grünfeld variation"]
[ECO "E11"]
[NIC "QI.01"]
[Time "19:49:31"]
[TimeControl "180+0"]

1. d4 Nf6 2. c4 e6 3. Nf3 Bb4+ 4. Nbd2 O-O 5. g3 d5 6. Qc2 b6 7. Bg2 Bb7 8.
O-O Nbd7 9. a3 Bd6 10. cxd5 exd5 11. Nb1 Re8 12. Nc3 c5 13. Bg5 h6 14. Bxf6
Nxf6 15. Rfd1 Rc8 16. Rac1 Qe7 17. e3 c4 18. Nh4 Qe6 19. h3 a6 20. Nf5 Bf8
21. g4 b5 22. Ne2 g6 23. Nf4 Qd7 24. Ng3 a5 25. Qe2 b4 26. axb4 axb4 27. h4
Qxg4 28. Qxg4 Nxg4 29. Nxd5 Bd6 30. Ne2 Bh2+ 31. Kf1 Kg7 32. Nef4 Bxf4 33.
Nxf4 Bxg2+ 34. Kxg2 Nf6 35. b3 c3 36. Nd3 Nd5 37. Kf3 f5 38. Ne5 Ra8 39. Ra1
Ra3 40. Rdc1 Rea8 41. Rab1 Ra2 42. Nc4 Nf6 43. Ne5 Ne4 44. Nd3 Nd2+ 45. Kf4
Nxb1 46. Rxb1 Ra1 47. Rxa1 Rxa1 48. Nxb4 Rc1 49. d5 c2 50. d6 Kf6 51. d7 Ke7
52. Ke5 g5 53. hxg5 hxg5 54. Kxf5 Rf1 55. f4 c1=Q {White resigns} 0-1

[Event "ICC Open 2015"]
[Site "Internet Chess Club"]
[Date "2015.05.29"]
[Round "4"]
[White "ncc-1701"]
[Black "burbur"]
[Result "0-1"]
[ICCResult "White checkmated"]
[WhiteElo "2054"]
[BlackElo "2561"]
[Opening "Queen's pawn: Charlick (Englund) gambit"]
[ECO "A40"]
[NIC "QO.17"]
[Time "19:51:14"]
[TimeControl "180+0"]

1. d4 e5 2. d5 d6 3. c4 f5 4. Nc3 Nf6 5. Bg5 Be7 6. Nf3 O-O 7. e3 h6 8. Bxf6
Bxf6 9. Be2 e4 10. Nd4 c5 11. dxc6 Nxc6 12. Nxc6 bxc6 13. O-O Be6 14. Qc2
Be5 15. Rad1 Qf6 16. f4 exf3 17. Rxf3 Bxc3 18. bxc3 Qe5 19. Rd4 Rab8 20. Rg3
Rb7 21. Bd3 Rfb8 22. Qf2 Rb1+ 23. Bxb1 Rxb1+ 24. Qf1 Rxf1+ 25. Kxf1 c5 26.
Rh4 Qxc3 27. Rxh6 Bxc4+ 28. Kf2 Qd2+ 29. Kf3 Qe2+ 30. Kf4 Qf2+ 31. Rf3 Qxg2
32. Rhh3 Qg4# {White checkmated} 0-1

[Event "ICC Open 2015"]
[Site "Internet Chess Club"]
[Date "2015.05.29"]
[Round "4"]
[White "NietzscheBac"]
[Black "Knight83"]
[Result "1-0"]
[ICCResult "Black resigns"]
[WhiteElo "1621"]
[BlackElo "1314"]
[Opening "QGD: semi-Slav, Marshall gambit"]
[ECO "D10"]
[NIC "SL.06"]
[Time "19:49:20"]
[TimeControl "180+0"]

1. d4 d5 2. c4 c6 3. Nc3 e6 4. e4 dxe4 5. Nxe4 Nd7 6. Nf3 Ngf6 7. Bg5 Be7 8.
Be2 Nxe4 9. Bxe7 Qxe7 10. Qd3 Ndf6 11. O-O O-O 12. Ne5 Rd8 13. f3 Nc5 14.
Qa3 Rxd4 15. Nd3 Rxd3 16. Bxd3 b6 17. Rfe1 Qc7 18. Rad1 Nxd3 19. Qxd3 Ba6
20. b3 c5 21. Rd2 h6 22. Red1 Bb7 23. Kf2 Bc6 24. a4 a6 25. Qd6 Qxd6 26.
Rxd6 Rc8 27. Rd8+ Rxd8 28. Rxd8+ Kh7 29. Rd6 Bb7 30. Rxb6 Bc8 31. Rc6 Bd7
32. Rxc5 {Black resigns} 1-0

[Event "ICC Open 2015"]
[Site "Internet Chess Club"]
[Date "2015.05.29"]
[Round "4"]
[White "jorgeearroyo"]
[Black "KingsServant"]
[Result "0-1"]
[ICCResult "White forfeits on time"]
[WhiteElo "1217"]
[BlackElo "1499"]
[Opening "Sicilian defense"]
[ECO "B20"]
[NIC "SI.48"]
[Time "19:49:10"]
[TimeControl "180+0"]

1. e4 c5 2. Bc4 e6 3. Nf3 Nc6 4. O-O d5 5. exd5 exd5 6. Re1+ Be7 7. Bb5 Nf6
8. Qe2 Be6 9. Ng5 Qd6 10. Nxe6 fxe6 11. Qxe6 Qxe6 12. Rxe6 Kf7 13. Re1 Bd6
14. Nc3 Rhe8 15. Rxe8 Rxe8 16. Kf1 Nd4 17. Bxe8+ Nxe8 18. Rb1 Nxc2 19. Nb5
Bf4 20. Nxa7 Nf6 21. g3 Bd6 22. Nb5 Bb8 23. a4 Nb4 24. b3 Be5 25. Bb2 d4 26.
Nc7 Bxc7 27. Rc1 b6 28. Re1 Nd3 29. Rb1 Nxb2 30. Rxb2 Be5 31. Rc2 d3 32. Rc4
Bd4 33. Ke1 Nd5 34. f4 Nf6 35. b4 Ng4 36. bxc5 bxc5 37. a5 Nf6 38. a6 Nd7
39. a7 Nb6 {White forfeits on time} 0-1

[Event "ICC Open 2015"]
[Site "Internet Chess Club"]
[Date "2015.05.29"]
[Round "4"]
[White "alico"]
[Black "lemanofzorn"]
[Result "1-0"]
[ICCResult "Black checkmated"]
[WhiteElo "1309"]
[BlackElo "1440"]
[Opening "Caro-Kann: Panov-Botvinnik attack"]
[ECO "B13"]
[NIC "CK.03"]
[Time "19:49:23"]
[TimeControl "180+0"]

1. e4 c6 2. d4 d5 3. exd5 cxd5 4. c4 Nf6 5. Nc3 Nc6 6. cxd5 Nxd5 7. Bc4 e6
8. Nge2 Nb6 9. Bb3 Bb4 10. O-O O-O 11. d5 Bxc3 12. dxc6 Qxd1 13. Rxd1 Bf6
14. c7 Be5 15. Bf4 Bxf4 16. Nxf4 g5 17. Nh5 Nd5 18. Bxd5 exd5 19. Rxd5 Be6
20. Rd6 Rac8 21. Rc1 Bg4 22. Nf6+ Kg7 23. Nxg4 f5 24. Ne5 Rfe8 25. Nf3 g4
26. Nh4 Kg8 27. g3 Kf7 28. Nxf5 Re6 29. Rd8 Re8 30. Nd6+ Ke7 31. Rxe8+ Rxe8
32. Nxe8 Kxe8 33. c8=Q+ Kf7 34. Rc5 h5 35. Re5 b6 36. Qd7+ Kf6 37. Qd6+ Kf7
38. Re7+ Kf8 39. Qd8# {Black checkmated} 1-0

[Event "ICC Open 2015"]
[Site "Internet Chess Club"]
[Date "2015.05.29"]
[Round "4"]
[White "brizito"]
[Black "PITCHUS"]
[Result "0-1"]
[ICCResult "White forfeits on time"]
[WhiteElo "1548"]
[BlackElo "1795"]
[Opening "QGD Slav: 4.e3"]
[ECO "D11"]
[NIC "SL.01"]
[Time "19:49:09"]
[TimeControl "180+0"]

1. d4 c6 2. c4 d5 3. Nf3 Nf6 4. e3 g6 5. Nc3 Bg7 6. Bd3 O-O 7. O-O dxc4 8.
Bxc4 b5 9. Bd3 Bb7 10. e4 Qb6 11. Bg5 Rd8 12. e5 Nd5 13. Nxd5 Rxd5 14. Bxe7
Nd7 15. Be4 Re8 16. Bxd5 Rxe7 17. Be4 c5 18. Bxb7 Qxb7 19. dxc5 Nxc5 20.
Qd8+ Bf8 21. Rfd1 Ne6 22. Qd2 Rc7 23. Rac1 Re7 24. Qd5 Bh6 25. Qxb7 Rxb7 26.
Rc6 a5 27. g3 b4 28. Nd4 Ng5 29. f4 Ne4 30. Re1 Nc5 31. Rxc5 a4 32. Nc6 b3
33. a3 f6 34. Nd8 Re7 35. Rc8 Kg7 36. Kf2 fxe5 37. Rxe5 Rd7 38. Ne6+ Kf6 39.
Ng5 Bxg5 40. Rf8+ Kg7 41. Rfe8 Bf6 42. R5e6 Bxb2 43. R8e7+ Rxe7 44. Rxe7+
Kh6 45. Rb7 Bxa3 46. Ke3 Bc1+ 47. Kd3 b2 48. Kc2 a3 49. Rb3 a2
{White forfeits on time}
0-1

[Event "ICC Open 2015"]
[Site "Internet Chess Club"]
[Date "2015.05.29"]
[Round "4"]
[White "eltigrecu"]
[Black "Machinegun"]
[Result "0-1"]
[ICCResult "White checkmated"]
[WhiteElo "2060"]
[BlackElo "2568"]
[Opening "Trompowsky attack (Ruth, Opocenský opening)"]
[ECO "A45"]
[NIC "QP.07"]
[Time "19:48:34"]
[TimeControl "180+0"]

1. d4 Nf6 2. Bg5 e6 3. e4 h6 4. Bxf6 Qxf6 5. Nc3 d6 6. Nf3 g5 7. h3 Bg7 8.
Bd3 Nd7 9. Qe2 c5 10. d5 O-O 11. O-O Ne5 12. Nxe5 Qxe5 13. Rad1 exd5 14.
Nxd5 Be6 15. Bc4 Qxb2 16. Rb1 Qd4 17. Rxb7 a5 18. Ne7+ Kh8 19. Bxe6 fxe6 20.
Ng6+ Kg8 21. Nxf8 Rxf8 22. Rd1 Qe5 23. Rdb1 d5 24. Qg4 dxe4 25. Re7 e3 26.
fxe3 Qxe3+ 27. Kh1 Rf6 28. Kh2 Bf8 29. Rb8 Qe5+ 30. Qg3 Rf4 31. Ree8 Qg7 32.
Qb3 Rf6 33. Rxe6 Qc7+ 34. Kg1 c4 35. Qb6 Qxb6+ 36. Rexb6 Rxb6 37. Rxb6 Bc5+
38. Kf1 Bxb6 39. Ke2 Kf7 40. g4 Ke6 41. Kf3 Ke5 42. c3 a4 43. Ke2 Ke4 44.
Kd2 Be3+ 45. Ke2 Bf4 46. a3 Bd6 47. h4 gxh4 48. g5 hxg5 49. Kf2 Bxa3 50. Kg2
Be7 51. Kh3 a3 52. Kg4 a2 53. Kh3 a1=Q 54. Kg4 Qxc3 55. Kh5 Qf3+ 56. Kg6 g4
57. Kh7 Qf7+ 58. Kh6 Qg8 59. Kh5 Qg5# {White checkmated} 0-1

[Event "ICC Open 2015"]
[Site "Internet Chess Club"]
[Date "2015.05.29"]
[Round "4"]
[White "HPG1947"]
[Black "wolfandcheapgin"]
[Result "1-0"]
[ICCResult "Black checkmated"]
[WhiteElo "1755"]
[BlackElo "1372"]
[Opening "Sicilian: Smith-Morra gambit"]
[ECO "B21"]
[NIC "SI.48"]
[Time "19:50:06"]
[TimeControl "180+0"]

1. e4 c5 2. d4 cxd4 3. c3 dxc3 4. Nxc3 e5 5. Bc4 Qe7 6. Nf3 Nf6 7. O-O d6 8.
Bg5 h6 9. Nd5 Qd8 10. Bxf6 gxf6 11. Ne3 Be6 12. Qb3 Nc6 13. Qxb7 Na5 14.
Bb5+ Bd7 15. Bxd7+ Qxd7 16. Qxa8+ Ke7 17. Nf5+ Ke6 18. Qd5# {Black
checkmated} 1-0

[Event "ICC Open 2015"]
[Site "Internet Chess Club"]
[Date "2015.05.29"]
[Round "4"]
[White "playformaximum"]
[Black "isodung"]
[Result "0-1"]
[ICCResult "White forfeits on time"]
[WhiteElo "2980"]
[BlackElo "2682"]
[Opening "QGD: Tarrasch, Prague variation, Normal position"]
[ECO "D34"]
[NIC "TD.04"]
[Time "19:48:25"]
[TimeControl "180+0"]

1. d4 e6 2. c4 d5 3. Nc3 c5 4. cxd5 exd5 5. Nf3 Nc6 6. g3 Nf6 7. Bg2 Be7 8.
O-O O-O 9. dxc5 Bxc5 10. a3 a6 11. b4 Be7 12. Bb2 Be6 13. Rc1 Rc8 14. Na4
Ne4 15. Nd2 Nxd2 16. Qxd2 Bg5 17. f4 Bf6 18. Bxf6 Qxf6 19. f5 Bxf5 20. Nb6
Rce8 21. g4 Qd8 22. gxf5 Qxb6+ 23. Rc5 f6 24. Bxd5+ Kh8 25. Rf4 Rd8 26. Re4
Ne5 27. Qe3 h6 28. Kg2 Rd7 29. Be6 Rc7 30. Rh4 Nf7 31. Bxf7 Rcxf7 32. Qf3
Qd6 33. Rcc4 Re7 34. Rcg4 Rfe8 35. Re4 Rxe4 36. Rxe4 Rxe4 37. Qxe4 Qd7 38.
h4 Kh7 39. h5 Qd2 40. Kg3 Qg5+ 41. Qg4 Qe3+ 42. Kg2 Kh8 43. Qf3 Qg5+ 44. Kh3
Qg1 45. e4 Qg5 46. Qg4 Qe3+ 47. Kh4 Qf2+ 48. Qg3 Qf1 49. Qb8+ Kh7 50. Qe8
Qh1+ 51. Kg4 Qg2+ 52. Kh4 Qf2+ 53. Kg4 Qe2+ 54. Kh4 Qh2+ 55. Kg4 Qg2+ 56.
Kh4 Qg5+ 57. Kh3 b6 58. Qg6+ Qxg6 59. hxg6+ Kg8 60. Kg4 Kf8 61. e5 Ke7 62.
e6 Kd6 63. Kh5 Ke7 64. Kg4 b5 65. Kh5 a5 66. Kg4 axb4 67. Kh5 bxa3 68. Kg4
a2 69. Kh5 b4 {White forfeits on time} 0-1

[Event "ICC Open 2015"]
[Site "Internet Chess Club"]
[Date "2015.05.29"]
[Round "4"]
[White "random27182"]
[Black "antizwi"]
[Result "0-1"]
[ICCResult "White checkmated"]
[WhiteElo "1483"]
[BlackElo "1960"]
[Opening "Sicilian defense"]
[ECO "B40"]
[NIC "SI.43"]
[Time "19:48:28"]
[TimeControl "180+0"]

1. e4 c5 2. Nf3 e6 3. c3 Nf6 4. e5 Nd5 5. d4 cxd4 6. cxd4 d6 7. a3 Be7 8.
Bd3 Nc6 9. O-O O-O 10. Qe2 Qc7 11. Bd2 Bd7 12. Nc3 Nxc3 13. bxc3 g6 14. h4
dxe5 15. Nxe5 Nxe5 16. dxe5 Bc6 17. h5 Rfd8 18. Rfd1 Rd7 19. hxg6 hxg6 20.
Bf4 Rad8 21. Bc2 Qa5 22. Qe3 Bf8 23. Bg5 Rxd1+ 24. Rxd1 Rxd1+ 25. Bxd1 Qxa3
26. Qd4 Qa5 27. Bd8 Qc5 28. Qh4 Qxe5 29. Bf6 Qe1+ 30. Kh2 Bg7 31. Bc2 Qd2
32. Bxg7 Kxg7 33. Ba4 Qd6+ 34. g3 Bxa4 35. Qxa4 a6 36. Qb4 Qxb4 37. cxb4 Kf6
38. Kg2 Ke5 39. Kf3 Kd4 40. Kg4 f6 41. Kf4 b6 42. g4 a5 43. bxa5 bxa5 44. g5
f5 45. Kf3 a4 46. Kg3 a3 47. f3 a2 48. Kh4 a1=Q 49. Kh3 Qc3 50. Kg3 Ke5 51.
Kh4 Kf4 52. Kh3 Qxf3+ 53. Kh2 Qg4 54. Kh1 Kf3 55. Kh2 Qg2# {White
checkmated} 0-1

[Event "ICC Open 2015"]
[Site "Internet Chess Club"]
[Date "2015.05.29"]
[Round "4"]
[White "yaguaro"]
[Black "mhb"]
[Result "0-1"]
[ICCResult "White forfeits on time"]
[WhiteElo "2074"]
[BlackElo "2567"]
[Opening "Lasker simul special"]
[ECO "A00"]
[NIC "VO.09"]
[Time "19:48:56"]
[TimeControl "180+0"]

1. g3 h5 2. Bg2 h4 3. gxh4 e5 4. Nf3 e4 5. Nd4 Qxh4 6. d3 d5 7. dxe4 dxe4 8.
Nc3 Nf6 9. Be3 Bh3 10. Bxh3 Qxh3 11. Qd2 a6 12. O-O-O Nbd7 13. Bf4 c5 14.
Nb3 c4 15. Na5 b5 16. Qd4 Rh5 17. Nxe4 Rd5 18. Nxf6+ Nxf6 19. Qb6 Qe6 20.
Qb7 Rad8 21. Rxd5 Qxd5 22. Qxd5 Rxd5 23. c3 Rf5 24. e3 Nh5 25. Bg3 Nxg3 26.
fxg3 Rf2 27. Nc6 Re2 28. Rd1 Be7 29. Rd2 Rxe3 30. Kc2 f5 31. Nb8 Re6 32. a4
g6 33. Nd7 Rd6 34. Rxd6 Bxd6 35. Nb6 Kf7 36. axb5 axb5 37. Nd5 Ke6 38. Ne3
g5 39. h4 gxh4 40. gxh4 f4 {White forfeits on time} 0-1

[Event "ICC Open 2015"]
[Site "Internet Chess Club"]
[Date "2015.05.29"]
[Round "4"]
[White "Nightlife"]
[Black "blackjack721"]
[Result "0-1"]
[ICCResult "White forfeits on time"]
[WhiteElo "1848"]
[BlackElo "1438"]
[Opening "King's pawn game"]
[ECO "C21"]
[NIC "KP.10"]
[Time "19:48:44"]
[TimeControl "180+0"]

1. e4 e5 2. d4 d5 3. dxe5 d4 4. Nf3 c5 5. Bc4 Bg4 6. c3 Nc6 7. h3 Bh5 8. g4
Bg6 9. Qe2 Be7 10. cxd4 cxd4 11. O-O Bc5 12. Bd3 Nge7 13. Bg5 Qc7 14. Rc1
Bb6 15. Na3 O-O-O 16. Nb5 Qd7 17. a4 h5 18. Nd6+ Kb8 19. a5 Bc7 20. Nb5 hxg4
21. hxg4 Qxg4+ 22. Kf1 Bxe5 23. Ke1 Bf4 24. Bxf4+ Qxf4 25. Qd2 Rh1+ 26. Ke2
Qxd2+ 27. Nxd2 Rh2 28. Nf3 Rg2 29. Rg1 Rxg1 30. Rxg1 a6 31. Na3 Nb4 32. Ne5
Bh5+ 33. f3 f6 34. Nec4 Nec6 35. Nb6 g5 36. Nac4 Nxd3 37. Kxd3 Nb4+ 38. Ke2
d3+ 39. Ke3 d2 40. Nxd2 f5 41. exf5 Re8+ 42. Kf2 Nd3+ 43. Kg3 Ne1 44. Rh1
Bf7 45. Rh7 Ba2 {White forfeits on time} 0-1

[Event "ICC Open 2015"]
[Site "Internet Chess Club"]
[Date "2015.05.29"]
[Round "4"]
[White "rovov"]
[Black "jewels2"]
[Result "1-0"]
[ICCResult "Black forfeits on time"]
[WhiteElo "1630"]
[BlackElo "1320"]
[Opening "Réti opening"]
[ECO "A04"]
[NIC "QP.11"]
[Time "19:48:34"]
[TimeControl "180+0"]

1. Nf3 Nc6 2. d4 d6 3. c4 Nf6 4. Nc3 Bf5 5. a3 e6 6. g3 Be7 7. Bg2 O-O 8.
O-O Re8 9. Re1 Bf8 10. e4 Bg4 11. h3 Bxf3 12. Bxf3 e5 13. d5 Nd4 14. Bg2 h6
15. Be3 c5 16. dxc6 Nxc6 17. Nd5 Nd7 18. Rc1 Rc8 19. Qe2 b6 20. Red1 Nc5 21.
Qf3 Ne6 22. Qe2 g5 23. Qf1 Bg7 24. b3 Ne7 25. f4 exf4 26. gxf4 gxf4 27. Bxf4
Nxf4 28. Qxf4 Ng6 29. Qg3 Qg5 30. Qxg5 hxg5 31. Rf1 Bd4+ 32. Kh1 Ne5 33.
Rcd1 Bc5 34. b4 Be3 35. Nxe3 Nxc4 36. Nxc4 Rxc4 37. Rxd6 Rcxe4 38. Bxe4 Rxe4
39. Rd7 {Black forfeits on time} 1-0